 Dungeon Crawl Stone Soup version 0.31-a0-996-g3b49de5836 (webtiles) character file.

Game seed: 8406765465314956812

2439 BinkBink the Shield-Bearer (level 9, -20/80 HPs)
             Began as a Minotaur Fighter on Nov 7, 2023.
             Was a Follower of Qazlal.
             Demolished by an orc knight
             ... wielding a +0 war axe
              (29 damage)
             ... in a bailey.
             The game lasted 00:09:54 (6670 turns).

BinkBink the Shield-Bearer (Minotaur Fighter)       Turns: 6670, Time: 00:09:55

Health: -20/80     AC:  8    Str: 24    XL:     9   Next: 25%
Magic:  8/8        EV: 14    Int:  6    God:    Qazlal [*.....]
Gold:   624        SH:  9    Dex: 21    Spells: 8/8 levels left

rFire   . . .        g - +6 war axe
rCold   + + .        c - +1 buckler
rNeg    + . .        b - +0 scale mail
rPois   +            r - +0 hat of Amorality {Str+2 Int+4 Slay+3}
rElec   +            (no cloak)
rCorr   +            (no gloves)
SInv    +            (no boots)
Will    .....        (no amulet) Stlth
                     h - ring "Jomuad" {rElec rC++ Int-3 Dex+8 SInv}
HPRegen 0.33/turn    k - ring "Wedda" {rPois rN+ rCorr}
MPRegen 0.11/turn

%: no passive effects
@: no status effects
A: horns 2, retaliatory headbutt
a: Renounce Religion


You were in a bailey.
You worshipped Qazlal.
Qazlal was aware of your devotion.
You visited 2 branches of the dungeon, and saw 8 of its levels.
You also visited: Bailey.

You collected 624 gold pieces.

Inventory:

Hand Weapons
 g - a +6 war axe (weapon)
 C - a +4 battleaxe
Armour
 b - a +0 scale mail (worn)
 c - a +1 buckler (worn)
 r - the +0 hat of Amorality (worn) {Str+2 Int+4 Slay+3}
   (You acquired it on level 5 of the Dungeon)

   Str+2:     It affects your strength (+2).
   Int+4:     It affects your intelligence (+4).
   Slay+3:    It affects your accuracy & damage with ranged weapons and melee
   (+3).
 v - the +2 ring mail "Quetyst" {Contam rElec Int+4}
   (You found it on level 4 of the Dungeon)

   Int+4:     It affects your intelligence (+4).
   rElec:     It insulates you from electricity.
   Contam:    It causes magical contamination when unequipped.
Jewellery
 h - the ring "Jomuad" (left hand) {rElec rC++ Int-3 Dex+8 SInv}
   (You acquired it on level 5 of the Dungeon)

   [ring of see invisible]

   Int-3:     It affects your intelligence (-3).
   Dex+8:     It affects your dexterity (+8).
   rC++:      It greatly protects you from cold.
   rElec:     It insulates you from electricity.
   SInv:      It lets you see invisible.
 k - the ring "Wedda" (right hand) {rPois rN+ rCorr}
   (You acquired it on level 5 of the Dungeon)

   [ring of poison resistance]

   rPois:     It protects you from poison rN+: It protects you from negative
   energy.
   rCorr:     It protects you from acid and corrosion.
 o - a ring of ice
 p - a ring of resist corrosion
 t - a ring of ice
 y - a ring of wizardry
Wands
 l - a wand of flame (35) (quivered)
 A - a wand of charming (6)
Scrolls
 a - a scroll of poison
 f - 3 scrolls of teleportation
 i - 2 scrolls of identify
 j - 2 scrolls of fog
 B - a scroll of enchant armour
Potions
 d - 2 potions of might
 m - a potion of cancellation
 n - 2 potions of magic {unknown}
 q - a potion of invisibility {unknown}
 s - 3 potions of heal wounds {unknown}
 u - 2 potions of degeneration {unknown}
 w - 2 potions of haste
 x - a potion of curing {unknown}


   Skills:
 + Level 7.6 Fighting
 + Level 7.1 Axes
 + Level 7.6 Armour
 + Level 5.8 Dodging
 + Level 7.6 Shields


You had 8 spell levels left.
You didn't know any spells.
Your spell library contained the following spells:

 Spells                   Type           Power      Damage    Failure   Level
 Foxfire                  Conj/Fire      0%         2x1d4     77%         1
 Necrotise                Necr           0%         1d4       77%         1
 Blink                    Tloc           0%         N/A       88%         2
 Ensorcelled Hibernation  Hex/Ice        0%         N/A       88%         2
 Jinxbite                 Hex            0%         N/A       88%         2
 Lesser Beckoning         Tloc           0%         N/A       88%         2
 Momentum Strike          Conj/Tloc      0%         3d8       88%         2
 Gell's Gravitas          Tloc           0%         N/A       98%         3
 Inner Flame              Hex/Fire       0%         N/A       98%         3
 Teleport Other           Tloc           0%         N/A       98%         3
 Vampiric Draining        Necr           0%         2d6       98%         3
 Anguish                  Hex/Necr       0%         N/A       100%        4
 Animate Dead             Necr           0%         N/A       100%        4
 Flame Wave               Conj/Fire      0%         2d4       100%        4
 Sticky Flame             Conj/Fire      0%         2d3       100%        4
 Summon Ice Beast         Ice/Summ       0%         N/A       100%        4
 Agony                    Necr           0%         N/A       100%        5
 Summon Forest            Summ/Tloc      0%         N/A       100%        5
 Summon Mana Viper        Hex/Summ       0%         N/A       100%        5
 Yara's Violent Unravell  Hex/Tmut       0%         3d3       100%        5
 Plasma Beam              Fire/Air       0%         2x1d10    100%        6
 Simulacrum               Ice/Necr       0%         N/A       100%        6
 Starburst                Conj/Fire      0%         6d3       100%        6
 Summon Cactus Giant      Summ           0%         N/A       100%        6
 Enfeeble                 Hex            0%         N/A       100%        7
 Haunt                    Necr/Summ      0%         N/A       100%        7
 Monstrous Menagerie      Summ           0%         N/A       100%        7
 Ozocubu's Refrigeration  Ice            0%         4d7       100%        7
 Infestation              Necr           0%         N/A       100%        8
 Dragon's Call            Summ           0%         N/A       100%        9
 Polar Vortex             Ice            0%         N/A       100%        9


Dungeon Overview and Level Annotations

Branches:
Dungeon (7/15)             Temple (1/1) D:6          Bailey (1/1)

Altars:
Ashenzari
Cheibriados
Dithmenos
Elyvilon
Gozag
Kikubaaqudgha
Makhleb
Nemelex Xobeh
Okawaru
Qazlal
Ru
Sif Muna
Trog
Uskayaw
Vehumet
Wu Jian
Xom
Yredelemnul
Zin
The Shining One

Shops:
D:2 *   D:7 *


Innate Abilities, Weirdness & Mutations

You have a pair of horns on your head.
You reflexively headbutt those who attack you in melee.


Message History

Aim: an orc knight, wielding a +0 war axe and wearing a +0 chain mail (64% to hit)
The puff of flame hits the orc knight.
The orc knight is lightly wounded.
Aiming: Throw Flame
Press: ? - help, Q - select action, (/) - cycle Shift-Dir - straight line, f/p - orc knight
Aim: an orc knight, wielding a +0 war axe and wearing a +0 chain mail (lightly wounded, 64% to hit)
The puff of flame misses the orc knight.
Aiming: Throw Flame
Press: ? - help, Q - select action, (/) - cycle Shift-Dir - straight line, f/p - orc knight
Aim: an orc knight, wielding a +0 war axe and wearing a +0 chain mail (lightly wounded, 64% to hit)
The puff of flame hits the orc knight but does no damage.
The orc knight is lightly wounded.
You slash the orc knight!
The orc knight is lightly wounded.
The orc knight hits you with a +0 war axe!
You hit the orc knight. You headbutt the orc knight.
The orc knight is moderately wounded.
The orc knight misses you.
You hit the orc knight.
You headbutt the orc knight, but do no damage.
The orc knight is moderately wounded.
The orc knight hits you with a +0 war axe!
The orc knight shouts!
You slash the orc knight! Your headbutt misses the orc knight.
The orc knight is severely wounded.
The orc knight roars a battlecry!
The orc knight goes into a battle-frenzy!
The orc knight hits you with a +0 war axe!!
* * * LOW HITPOINT WARNING * * *
Okay, then.
Okay, then.
You completely miss the orc knight.
You headbutt the orc knight, but do no damage.
The orc knight is severely wounded.
The orc knight misses you. You furiously retaliate!
You headbutt the orc knight! You slash the orc knight!
The orc knight is almost dead.
The orc knight hits you with a +0 war axe!!
You die...

...~~.......~~...
###~~.......~~##
##~....)(.~##
####.)o#### #)).#
#...# #.((#
##'o(## ##..@.(##
#.....(.#
#...∩...#
##.....## #######


You could see 2 orc knights.

Vanquished Creatures
  A wyvern (D:4)
  Sigmund (D:6)
  2 steam dragons (D:7)
  An orc warrior (Bailey)
  2 centaurs
  7 kobold brigands
  2 scorpions (D:5)
  5 wights (D:7)
  A jelly (D:5)
  2 hounds
  3 orc priests
  A sleepcap (D:5)
  3 iguanas (D:5)
  7 orc wizards
  9 adders
  A gnoll (D:1)
  7 river rats (D:5)
  3 white imps
  A worm (D:4)
  2 dart slugs
  18 orcs
  5 ball pythons
  13 endoplasms
  2 giant cockroaches
  10 goblins
  3 hobgoblins
  7 jackals
  16 kobolds
  12 quokkas
  5 bats
  3 frilled lizards
  20 rats
175 creatures vanquished.

Notes
Turn   | Place    | Note
-------+----------+-------------------------------------------
     0 | D:1      | BinkBink the Minotaur Fighter began the quest for the Orb.
     0 | D:1      | Reached XP level 1. HP: 19/19 MP: 0/0
   216 | D:1      | Reached XP level 2. HP: 27/27 MP: 1/1
   403 | D:1      | Reached XP level 3. HP: 33/33 MP: 2/2
  1129 | D:2      | Identified the "Pyji Niasal"
  1178 | D:2      | Found Wuuf's Assorted Antiques.
  1670 | D:2      | Reached XP level 4. HP: 40/40 MP: 3/3
  1877 | D:2      | Reached skill level 1 in Dodging
  2208 | D:3      | Reached XP level 5. HP: 47/47 MP: 4/4
  2863 | D:4      | Identified the +2 ring mail "Quetyst" {Contam rElec Int+4}
  3133 | D:4      | Found a radiant altar of Vehumet.
  3134 | D:4      | Found an ornate altar of the Wu Jian Council.
  3231 | D:4      | Noticed a wyvern
  3249 | D:4      | Noticed a centaur
  3252 | D:4      | Killed a centaur
  3253 | D:4      | Reached skill level 5 in Fighting
  3253 | D:4      | Reached skill level 5 in Shields
  3253 | D:4      | Reached XP level 6. HP: 33/56 MP: 5/5
  3372 | D:4      | Reached skill level 5 in Armour
  3708 | D:4      | Killed a wyvern
  3852 | D:5      | Entered Level 5 of the Dungeon
  3857 | D:5      | Reached XP level 7. HP: 61/61 MP: 6/6
  4371 | D:5      | Reached skill level 5 in Axes
  5092 | D:5      | Identified 3 scrolls of acquirement
  5092 | D:5      | Acquired the ring "Jomuad" {rElec rC++ Int-3 Dex+8 SInv}
  5095 | D:5      | Acquired the ring "Wedda" {rPois rN+ rCorr}
  5098 | D:5      | Acquired the +0 hat of Amorality {Str+2 Int+4 Slay+3}
  5389 | D:6      | Noticed Sigmund
  5391 | D:6      | Killed Sigmund
  5392 | D:6      | Reached XP level 8. HP: 70/70 MP: 7/7
  5432 | D:6      | Found a hide-covered altar of Uskayaw.
  5440 | D:6      | Found a staircase to the Ecumenical Temple.
  5453 | Temple   | Entered the Ecumenical Temple
  5471 | Temple   | Became a worshipper of Qazlal Stormbringer
  5938 | D:6      | Found a sparkling altar of Nemelex Xobeh.
  5938 | D:6      | Found an opulent altar of Gozag.
  6143 | D:7      | Reached skill level 5 in Dodging
  6375 | D:7      | Found Taudigy's Assorted Antiques.
  6409 | D:7      | Found a flagged portal.
  6416 | Bailey   | Entered a bailey
  6472 | Bailey   | Reached * piety under Qazlal
  6521 | Bailey   | Reached XP level 9. HP: 64/79 MP: 8/8
  6590 | Bailey   | Noticed an orc knight
  6591 | Bailey   | Noticed an orc knight
  6670 | Bailey   | Demolished by an orc knight

Illustrated notes

Levels and vault maps discovered:
D:1:      minmay_arrival_split_and_join, layout_basic
D:2:      layout_loops_cross, serial_shops, nicolae_shop_hallway_plus
D:3:      layout_loops_cross
D:4:      minmay_clustersquares, layout_basic, nicolae_overflow_hidden_temple,
          hex_large
D:5:      lemuel_ratsnest, layout_loops_ring, serial_library,
          serial_library_hellmonk_reading_circle,
          serial_library_regret_index_multi, serial_library_hellmonk_open_cross,
          serial_library_hellmonk_u_bend,
          serial_library_regret_index_split_case,
          serial_library_hellmonk_metal_room,
          serial_library_hellmonk_open_square
D:6:      layout_basic, grunt_temple_overflow_opulence,
          overflow_temple_1_default, minmay_temple_entry_junction_2,
          minmay_curled_crystal, uniq_sigmund
D:7:      layout_gridville, enter_bailey_3, serial_shops, shop
Temple:   bh_familiar_temple
Bailey:   bailey_axe_3, bailey

Skill      XL: |  1  2  3  4  5  6  7  8  9 |
---------------+----------------------------+-----
Fighting       | 4 5 6 7 |  7.6
Axes           | 3 4 5 6 7 |  7.1
Armour         | 4 5 6 7 |  7.6
Shields        | 4 5 6 7 |  7.6
Dodging        | 1 2 3 4 5 |  5.8

Action                     |  1- 3 |  4- 6 |  7- 9 || total
---------------------------+-------+-------+-------++-------
  Melee: War axe           |    81 |    94 |   172 ||   347
         Headbutt          |     7 |    11 |    29 ||    47
  Evoke: Wand              |       |       |     6 ||     6
    Use: Potion            |       |     2 |       ||     2
         Scroll            |       |     2 |    12 ||    14
 Armour: Scale mail        |    65 |   105 |   104 ||   274
  Dodge: Dodged            |    35 |    43 |    60 ||   138
  Block: Buckler           |    14 |    18 |    55 ||    87

Table legend: (Time is in decaauts)
 A = Elapsed time spent in this place.
 B = Non-inter-level travel time spent in this place.
 C = Inter-level travel time spent in this place.
 D = Time resting spent in this place.
 E = Time spent auto-exploring this place.
 F = Levels seen in this place.
 G = Mean time per level.
                   A        B        C        D        E       F      G
               +--------+--------+--------+--------+--------+-----+--------+
         Total |   6761 |   6476 |    285 |    801 |   4559 |   9 |  751.2 |
       Dungeon |   6466 |   6215 |    251 |    667 |   4559 |   7 |  923.7 |
        Temple |     35 |      1 |     34 |      0 |      0 |   1 |   35.0 |
        Bailey |    259 |    259 |      0 |    134 |      0 |   1 |  259.0 |
               +--------+--------+--------+--------+--------+-----+--------+

Top non-repeatable levels by time:
     D:5: 1296 daAuts
     D:1: 1150 daAuts
     D:4: 1076 daAuts
     D:6: 979 daAuts
     D:3: 841 daAuts
     D:2: 833 daAuts
     D:7: 288 daAuts
  Bailey: 259 daAuts
  Temple: 35 daAuts
